 Dungeon Crawl Stone Soup version 0.19-a0-682-g708bd0e (webtiles) character file.

1112 Magifyre the Conjurer (level 8, -5/41 HPs)
             Began as a Deep Elf Fire Elementalist on June 17, 2016.
             Was an Initiate of Vehumet.
             Shot with an arrow by a centaur (15 damage)
             ... on level 6 of the Dungeon on June 18, 2016.
             The game lasted 00:34:26 (5943 turns).

Magifyre the Conjurer (Deep Elf Fire Elementalist)  Turns: 5943, Time: 00:34:28

Health: -5/41      AC:  9    Str:  5    XL:     8   Next: 11%
Magic:  6/19       EV: 13    Int: 23    God:    Vehumet [......]
Gold:   313        SH:  0    Dex: 15    Spells: 5 memorised, 4 levels left

rFire  . . .     SeeInvis .     n - +1 whip (elec)
rCold  . . .     Gourm    .     a - +1 robe
rNeg   . . .     Faith    .     (no shield)
rPois  .         Spirit   .     q - +0 helmet
rElec  .         Dismiss  .     y - +2 cloak
rCorr  .         Reflect  .     (no gloves)
SustAt .         Harm     .     (no boots)
MR     .....                    e - amulet of magic regeneration
Stlth  ++........               (no ring)
                                p - +2 ring of protection

@: very slightly contaminated, not resistant to hostile enchantments, unstealthy
A: no striking features
a: Renounce Religion


You were on level 6 of the Dungeon.
You worshipped Vehumet.
Vehumet was noncommittal.
You were not hungry.

You visited 2 branches of the dungeon, and saw 7 of its levels.
You also visited: Sewer.

You collected 313 gold pieces.

Inventory:

Hand Weapons
 n - a +1 whip of electrocution (weapon)
Armour
 a - a +1 robe (worn)
 q - a +0 helmet (worn)
 y - a +2 cloak (worn)
Jewellery
 e - an amulet of magic regeneration (around neck)
 p - a +2 ring of protection (left hand)
Scrolls
 g - a scroll of enchant weapon
 j - 2 scrolls of remove curse
 r - a scroll of recharging {unknown}
 s - 2 scrolls of fear
 t - a scroll of fog
Potions
 d - 2 potions of curing
 h - a potion of cure mutation
 k - a potion of lignification
 o - 3 potions of heal wounds
 u - 4 potions of agility
 v - a potion of brilliance {unknown}
 x - a potion of resistance {unknown}
Books
 b - a book of Flames

   Spells                             Type                      Level
   a - Flame Tongue                   Conjuration/Fire             1
   b - Throw Flame                    Conjuration/Fire             2
   c - Conjure Flame                  Conjuration/Fire             3
   d - Inner Flame                    Hexes/Fire                   3
   e - Sticky Flame                   Conjuration/Fire             4
   f - Fireball                       Conjuration/Fire             5
Comestibles
 c - 5 bread rations
 f - a beef jerky
 i - a royal jelly
 l - 2 chunks of flesh
 m - 2 slices of pizza
 w - a meat ration
 z - 2 fruits


   Skills:
 - Level 2.4 Dodging
 - Level 2.4 Stealth
 + Level 6.3 Spellcasting
 * Level 7.1 Conjurations
 * Level 6.9 Fire Magic


You had 4 spell levels left.
You knew the following spells:

 Your Spells              Type           Power        Failure   Level  Hunger
a - Flame Tongue          Conj/Fire      #####        1%          1    None
b - Throw Flame           Conj/Fire      #####.       1%          2    None
c - Conjure Flame         Conj/Fire      #####...     1%          3    #......
d - Sticky Flame          Conj/Fire      #####...     6%          4    ###....
e - Fireball              Conj/Fire      #####.....   14%         5    #####..


Dungeon Overview and Level Annotations

Branches:
Dungeon (6/15)             Temple (1/1) D:4

Altars:
Ashenzari
Cheibriados
Dithmenos
Elyvilon
Fedhas
Gozag
Kikubaaqudgha
Makhleb
Nemelex Xobeh
Okawaru
Pakellas
Qazlal
Ru
Sif Muna
Trog
Vehumet
Xom
Yredelemnul
Zin
The Shining One


Message History

Casting: Throw Flame
Confirm with . or Enter, or press ? or * to list all spells.
Aiming: Throw Flame
Press: ? - help, Shift-Dir - straight line, f/p - centaur
Aim: a centaur, wielding a shortbow (heavily wounded)
The puff of flame hits the centaur.
The centaur is severely wounded.
Unknown command.
Casting: Throw Flame
Confirm with . or Enter, or press ? or * to list all spells.
Aiming: Fireball
Press: ? - help, Shift-Dir - straight line, f/p - centaur
Aim: a centaur, wielding a shortbow (severely wounded)
You miscast Fireball.
You are very lightly contaminated with residual magic.
You are caught in a violent explosion!
The explosion engulfs you!
* * * LOW HITPOINT WARNING * * *
You hear a shout!
The centaur shoots an arrow.
The arrow hits you!
You die...

#.. # #..##
#.. #...#
###.c.. #..##
####....#
#...#####..@.#
#...##.....###
#........###
#.....####
#...### ##..#
#..# #..# #.##


You could see a centaur.

Vanquished Creatures
  2 ogres
  A phantom (D:5)
  2 giant frogs (Sewer)
  A scorpion (D:4)
  A centaur skeleton (D:4)
  An orc priest (D:3)
  4 hounds (D:4)
  4 worker ants
  A hound skeleton (D:4)
  A howler monkey skeleton (D:6)
  12 adders
  17 oozes (Sewer)
  An adder skeleton (D:4)
  3 worms
  5 dart slugs
  11 giant geckos
  11 orcs
  17 giant cockroaches
  9 goblins
  6 hobgoblins
  25 jackals
  5 quokkas
  13 ball pythons
  2 bats (D:2)
  14 giant newts
  2 kobolds
  16 rats
187 creatures vanquished.

Notes
Turn   | Place    | Note
--------------------------------------------------------------
     0 | D:1      | Magifyre the Deep Elf Fire Elementalist began the quest for the Orb.
     0 | D:1      | Reached XP level 1. HP: 10/10 MP: 6/6
    57 | D:1      | Reached skill level 2 in Conjurations
   148 | D:1      | Reached XP level 2. HP: 15/15 MP: 5/8
   391 | D:1      | Reached skill level 3 in Conjurations
   443 | D:1      | Learned a level 2 spell: Throw Flame
   556 | D:1      | Reached XP level 3. HP: 19/19 MP: 6/9
  1229 | D:2      | Found a sparkling altar of Nemelex Xobeh.
  1312 | D:2      | Reached XP level 4. HP: 24/24 MP: 8/11
  1597 | D:2      | Found an opulent altar of Gozag.
  1597 | D:2      | Found a bloodstained altar of Trog.
  1844 | D:3      | Learned a level 3 spell: Conjure Flame
  1849 | D:3      | Learned a level 4 spell: Sticky Flame
  1964 | D:3      | Found an ancient bone altar of Kikubaaqudgha.
  1983 | D:3      | Found a shattered altar of Ashenzari.
  2017 | D:3      | Noticed an ogre
  2024 | D:3      | Killed an ogre
  2024 | D:3      | Reached skill level 4 in Conjurations
  2024 | D:3      | Reached XP level 5. HP: 28/28 MP: 2/13
  2404 | D:4      | Found a staircase to the Ecumenical Temple.
  2722 | D:4      | Found a glowing drain.
  2731 | Sewer    | Entered a sewer
  2868 | Sewer    | Reached XP level 6. HP: 32/32 MP: 11/14
  2900 | Sewer    | Reached skill level 5 in Conjurations
  2982 | Sewer    | Reached skill level 5 in Fire Magic
  3623 | Sewer    | Reached skill level 5 in Spellcasting
  3625 | Sewer    | Reached XP level 7. HP: 35/36 MP: 12/16
  3636 | Sewer    | Learned a level 5 spell: Fireball
  3656 | D:4      | Reached skill level 6 in Conjurations
  3753 | D:4      | Found a sacrificial altar of Ru.
  3897 | D:4      | Found a burning altar of Makhleb.
  4837 | Temple   | Entered the Ecumenical Temple
  4845 | Temple   | Became a worshipper of Vehumet
  4986 | D:5      | Entered Level 5 of the Dungeon
  5123 | D:5      | Found an iron altar of Okawaru.
  5308 | D:5      | Reached XP level 8. HP: 41/41 MP: 15/19
  5506 | D:5      | Reached skill level 7 in Conjurations
  5943 | D:6      | Shot with an arrow by a centaur

Vault maps used:
D:1:      dpeg_arrival_fog, minivault_24, minmay_rat_gold_closets
D:2:      nemelex_altar_shiori, gammafunk_temple_overflow_statue
D:3:      kiku_gazebo_garden_becter, ashenzari_conservatory_becter,
          minivault_14, minmay_misc_feat_rows, minmay_misc_feat_tower,
          kennysheep_generic_room_7
D:4:      nicolae_overflow_hidden_temple, makhleb_blood_cavern_becter,
          minmay_temple_entry_crystal_x, portal_sewer_entry_a
D:5:      okawaru_gym_becter, first_bread
D:6:      serial_shops, kennysheep_mini, serial_bayou_pond_d
Temple:   circular_temple_pool_12
Sewer:    sewer_frog_island_02

Skill      XL: |  1  2  3  4  5  6  7  8 |
---------------+-------------------------+-----
Conjurations   | 2 3 4 5 6 7 |  7.1
Fire Magic     | 4 5 6 |  6.9
Spellcasting   | 4 5 6 |  6.3
Dodging        | |  2.4
Stealth        | |  2.4

Action                   |  1- 3 |  4- 6 |  7- 9 || total
-------------------------+-------+-------+-------++-------
Melee: Whip              |       |     1 |       ||     1
 Cast: Flame Tongue      |    60 |    82 |    76 ||   218
       Throw Flame       |    16 |    71 |    33 ||   120
       Conjure Flame     |       |     4 |    11 ||    15
       Fireball          |       |       |     5 ||     5
  Use: Scroll            |       |    11 |     5 ||    16
  Eat: Chunk             |     1 |     9 |     9 ||    19
Armor: Robe              |     2 |     6 |     2 ||    10
Dodge: Dodged            |     9 |    12 |     6 ||    27
